General information
- name: BNet
- type: Ladder team game (AT/RT)
- host: Battle.net
- saver: syph3r
map: SunrockCove
- players: 6
- length: 51:28
- speed: Fast
- version: 1.21 W3XP
- replay type: Public
» download(230 KB)
Players
team 1 (loser)
la_brute (
red | 28 APM | 1415 actions | 51:25)
6 Archmage
3 Summon Water Elemental
2 Brilliance Aura
1 Mass Teleport
» actions
| Assign group hotkey | 39 | |
| Build / train | 83 | |
| ESC pressed | 1 | |
| Enter build submenu | 39 | |
| Enter hero's abilities submenu | 6 | |
| Right click | 437 | |
| Select / deselect | 412 | |
| Select group hotkey | 336 | |
| Use ability | 62 | |
1415 total
» units
| Peasant | 19 | |
| Footman | 5 | |
| Priest | 3 | |
| Gryphon Rider | 3 | |
| Sorceress | 5 | |
| Siege Engine | 15 | |
50 total
» upgrades
| Swords | 1 | |
| Plating | 1 | |
| Priest Training | 2 | |
| Sorceress Training | 1 | |
| Barrage | 1 | |
| Lumber Harvesting | 2 | |
| Masonry | 1 | |
| Gunpowder | 1 | |
| Armor | 1 | |
11 total
» buildings
| Farm | 14 | |
| Altar of Kings | 1 | |
| Barracks | 1 | |
| Lumber Mill | 1 | |
| Scout Tower | 10 | |
| Blacksmith | 1 | |
| Guard Tower | 6 | |
| Keep | 1 | |
| Arcane Tower | 3 | |
| Town Hall | 1 | |
| Castle | 1 | |
| Arcane Sanctum | 2 | |
| Gryphon Aviary | 2 | |
| Workshop | 3 | |
47 total
» build order
00:16 Farm
00:56 Altar of Kings
01:09 Barracks
01:28 Lumber Mill
01:36 Farm
01:45 Scout Tower
02:09 Blacksmith
02:35 Scout Tower
02:41 Scout Tower
02:52 Guard Tower
02:56 Farm
03:14 Guard Tower
03:45 Keep
05:22 Scout Tower
05:42 Farm
05:53 Guard Tower
05:58 Scout Tower
06:28 Arcane Tower
06:45 Farm
07:49 Town Hall
08:23 Castle
08:29 Arcane Sanctum
08:35 Arcane Sanctum
08:42 Scout Tower
09:32 Gryphon Aviary
09:37 Guard Tower
09:46 Gryphon Aviary
10:47 Scout Tower
11:33 Scout Tower
11:35 Guard Tower
12:08 Guard Tower
12:52 Workshop
13:13 Farm
15:02 Workshop
15:12 Farm
16:21 Farm
16:25 Farm
16:36 Farm
17:41 Farm
17:45 Farm
19:08 Workshop
22:40 Scout Tower
22:47 Scout Tower
23:52 Farm
23:57 Farm
24:13 Arcane Tower
24:16 Arcane Tower
» items
| Scroll of Healing | 2 | |
| Potion of Lesser Invulnerability | 1 | |
| Dust of Appearance | 1 | |
4 total
le_bon (
teal | 31 APM | 1405 actions | 45:16)
7 Shadow Hunter
3 Serpent Ward
3 Healing Wave
1 Big Bad Voodoo
» actions
| Assign group hotkey | 19 | |
| Basic commands | 9 | |
| Build / train | 49 | |
| Enter build submenu | 26 | |
| Enter hero's abilities submenu | 6 | |
| Right click | 477 | |
| Select / deselect | 219 | |
| Select group hotkey | 540 | |
| Use ability | 60 | |
1405 total
» units
» upgrades
| Melee Weapons | 1 | |
| Armor | 1 | |
| Spiked Barricades | 1 | |
| Envenomed Spears | 1 | |
4 total
» buildings
| Orc Burrow | 9 | |
| Altar of Storms | 1 | |
| Barracks | 2 | |
| War Mill | 1 | |
| Voodoo Lounge | 2 | |
| Watch Tower | 2 | |
| Great Hall | 2 | |
| Stronghold | 2 | |
| Fortress | 1 | |
| Beastiary | 4 | |
26 total
» build order
00:08 Orc Burrow
00:13 Altar of Storms
00:44 Barracks
01:27 War Mill
02:52 Barracks
03:03 Orc Burrow
04:35 Voodoo Lounge
05:48 Watch Tower
06:22 Voodoo Lounge
08:47 Great Hall
09:04 Stronghold
10:20 Orc Burrow
10:54 Orc Burrow
11:28 Fortress
11:55 Beastiary
13:46 Watch Tower
14:28 Beastiary
15:24 Beastiary
16:28 Orc Burrow
18:00 Beastiary
18:11 Orc Burrow
18:47 Orc Burrow
25:08 Orc Burrow
25:12 Orc Burrow
26:40 Great Hall
30:18 Stronghold
Le_Truand (
green | 30 APM | 1391 actions | 46:50)
6 Priestess of the Moon
3 Searing Arrows
2 Trueshot Aura
1 Starfall
» actions
| Assign group hotkey | 32 | |
| Build / train | 109 | |
| Enter build submenu | 27 | |
| Enter hero's abilities submenu | 6 | |
| Give item / drop item | 1 | |
| Right click | 494 | |
| Select / deselect | 399 | |
| Select group hotkey | 267 | |
| Use ability | 56 | |
1391 total
» units
| Wisp | 46 | |
| Archer | 14 | |
| Glaive Thrower | 11 | |
| Hippogryph | 11 | |
| Dryad | 3 | |
| Druid of the Claw | 3 | |
88 total
» upgrades
| Improved Bows | 1 | |
| Vorpal Blades | 1 | |
| Marksmanship | 1 | |
| Abolish Magic | 1 | |
| Druid of the Claw Training | 2 | |
| Mark of the Claw | 1 | |
7 total
» buildings
| Moon Well | 8 | |
| Altar of Elders | 1 | |
| Ancient of War | 2 | |
| Hunter's Hall | 1 | |
| Ancient Protector | 3 | |
| Tree of Life | 2 | |
| Ancient of Wonders | 1 | |
| Tree of Ages | 1 | |
| Ancient of Wind | 4 | |
| Ancient of Lore | 2 | |
| Tree of Eternity | 1 | |
26 total
» build order
00:28 Moon Well
00:44 Altar of Elders
01:21 Ancient of War
01:28 Moon Well
01:52 Ancient of War
02:25 Moon Well
04:50 Hunter's Hall
06:02 Ancient Protector
06:10 Ancient Protector
06:17 Ancient Protector
08:54 Tree of Life
10:17 Tree of Life
10:38 Moon Well
11:04 Moon Well
11:32 Ancient of Wonders
14:33 Tree of Ages
16:59 Ancient of Wind
18:16 Ancient of Wind
18:25 Ancient of Wind
18:41 Ancient of Lore
18:45 Ancient of Lore
19:02 Ancient of Wind
19:24 Tree of Eternity
20:04 Moon Well
20:09 Moon Well
20:14 Moon Well
» items
| Scroll of Healing | 2 | |
| Potion of Lesser Invulnerability | 1 | |
| Periapt of Vitality | 1 | |
| Scroll of Town Portal | 1 | |
5 total
team 2 (winner)
AvuncularLegume (
yellow | 44 APM | 2271 actions | 51:25)
7 Warden
3 Shadow Strike
3 Blink
1 Spirit of Vengeance
» actions
| Assign group hotkey | 15 | |
| Basic commands | 24 | |
| Build / train | 67 | |
| Enter build submenu | 20 | |
| Enter hero's abilities submenu | 7 | |
| Right click | 1385 | |
| Select / deselect | 520 | |
| Select group hotkey | 163 | |
| Use ability | 70 | |
2271 total
» units
» upgrades
| Ultravision | 1 | |
| Strength of the Wild | 3 | |
| Reinforced Hides | 3 | |
| Nature's Blessing | 1 | |
| Well Spring | 1 | |
| Corrosive Breath | 1 | |
10 total
» buildings
| Altar of Elders | 1 | |
| Moon Well | 9 | |
| Hunter's Hall | 1 | |
| Tree of Ages | 1 | |
| Ancient of Wonders | 2 | |
| Ancient of Wind | 1 | |
| Tree of Eternity | 1 | |
| Chimaera Roost | 5 | |
| Tree of Life | 1 | |
22 total
» build order
00:11 Altar of Elders
00:19 Moon Well
01:23 Moon Well
02:57 Hunter's Hall
05:09 Tree of Ages
05:23 Moon Well
05:47 Ancient of Wonders
05:56 Ancient of Wonders
06:19 Moon Well
07:13 Moon Well
07:59 Ancient of Wind
08:11 Moon Well
08:36 Tree of Eternity
10:01 Moon Well
13:27 Chimaera Roost
13:31 Chimaera Roost
15:16 Moon Well
15:25 Moon Well
24:35 Tree of Life
29:01 Chimaera Roost
30:21 Chimaera Roost
30:33 Chimaera Roost
syph3r (
purple | 40 APM | 2067 actions | 51:28)
5 Archmage
3 Blizzard
2 Brilliance Aura
4 Blood Mage
2 Flame Strike
2 Banish
» actions
| Assign group hotkey | 50 | |
| Basic commands | 100 | |
| Build / train | 175 | |
| ESC pressed | 4 | |
| Enter build submenu | 123 | |
| Enter hero's abilities submenu | 9 | |
| Give item / drop item | 1 | |
| Right click | 751 | |
| Select / deselect | 589 | |
| Select group hotkey | 44 | |
| Use ability | 220 | |
2067 total
» units
| Peasant | 11 | |
| Mortar Team | 12 | |
| Sorceress | 3 | |
| Goblin Zeppelin | 1 | |
27 total
» upgrades
| Masonry | 3 | |
| Lumber Harvesting | 1 | |
| Fragmentation Shards | 1 | |
| Flare | 1 | |
| Magic Sentry | 1 | |
| Sorceress Training | 1 | |
8 total
» buildings
| Altar of Kings | 2 | |
| Lumber Mill | 2 | |
| Farm | 16 | |
| Scout Tower | 150 | |
| Guard Tower | 120 | |
| Arcane Tower | 2 | |
| Keep | 2 | |
| Blacksmith | 1 | |
| Castle | 2 | |
| Workshop | 1 | |
| Arcane Sanctum | 1 | |
| Arcane Vault | 1 | |
| Town Hall | 1 | |
301 total
» build order
00:07 Altar of Kings
00:21 Lumber Mill
00:39 Farm
00:42 Farm
00:58 Scout Tower
01:00 Scout Tower
01:02 Scout Tower
01:37 Guard Tower
01:56 Scout Tower
01:57 Scout Tower
01:58 Scout Tower
01:59 Scout Tower
02:02 Arcane Tower
02:06 Scout Tower
02:07 Scout Tower
02:08 Scout Tower
02:09 Scout Tower
02:27 Guard Tower
02:34 Guard Tower
03:03 Guard Tower
03:14 Guard Tower
03:19 Arcane Tower
03:25 Guard Tower
03:26 Guard Tower
03:50 Guard Tower
03:58 Guard Tower
04:01 Scout Tower
04:02 Scout Tower
04:05 Scout Tower
04:06 Scout Tower
04:10 Keep
04:17 Scout Tower
04:18 Scout Tower
04:20 Scout Tower
04:21 Scout Tower
04:22 Scout Tower
04:37 Guard Tower
04:38 Guard Tower
05:06 Guard Tower
05:06 Guard Tower
05:07 Scout Tower
05:08 Scout Tower
05:14 Guard Tower
05:15 Guard Tower
05:29 Scout Tower
05:31 Scout Tower
05:43 Guard Tower
05:52 Guard Tower
06:00 Blacksmith
06:03 Guard Tower
06:06 Guard Tower
06:12 Scout Tower
06:15 Scout Tower
06:21 Scout Tower
06:22 Scout Tower
06:23 Scout Tower
06:32 Guard Tower
06:33 Castle
06:52 Guard Tower
07:07 Guard Tower
07:08 Guard Tower
07:12 Scout Tower
07:13 Scout Tower
07:14 Scout Tower
07:17 Scout Tower
07:47 Workshop
07:53 Guard Tower
07:56 Guard Tower
07:57 Guard Tower
08:01 Scout Tower
08:02 Scout Tower
08:03 Scout Tower
08:04 Scout Tower
08:08 Guard Tower
08:40 Guard Tower
08:51 Guard Tower
08:58 Farm
08:59 Farm
09:26 Guard Tower
09:29 Guard Tower
09:30 Guard Tower
10:31 Arcane Sanctum
11:43 Farm
11:46 Farm
11:52 Guard Tower
11:57 Scout Tower
12:34 Guard Tower
12:44 Guard Tower
12:45 Scout Tower
12:46 Scout Tower
12:47 Scout Tower
12:48 Scout Tower
13:00 Scout Tower
13:02 Scout Tower
13:04 Scout Tower
13:05 Scout Tower
13:06 Scout Tower
13:07 Scout Tower
13:09 Scout Tower
13:58 Guard Tower
13:58 Guard Tower
14:07 Farm
14:09 Farm
14:10 Farm
14:16 Guard Tower
14:16 Guard Tower
14:42 Guard Tower
15:11 Guard Tower
15:18 Guard Tower
15:55 Guard Tower
15:56 Guard Tower
17:03 Guard Tower
17:48 Farm
18:36 Scout Tower
18:37 Scout Tower
18:37 Scout Tower
18:38 Scout Tower
18:43 Scout Tower
18:44 Scout Tower
18:45 Scout Tower
18:46 Scout Tower
19:39 Guard Tower
19:40 Guard Tower
19:40 Guard Tower
20:57 Guard Tower
20:57 Guard Tower
21:19 Scout Tower
21:20 Scout Tower
21:23 Scout Tower
21:24 Scout Tower
21:28 Scout Tower
21:54 Guard Tower
21:54 Guard Tower
21:59 Scout Tower
24:28 Guard Tower
24:31 Scout Tower
25:02 Arcane Vault
25:13 Guard Tower
25:18 Scout Tower
25:19 Scout Tower
25:20 Scout Tower
25:21 Scout Tower
26:09 Guard Tower
29:55 Guard Tower
29:55 Guard Tower
29:56 Guard Tower
30:06 Scout Tower
30:07 Scout Tower
30:59 Lumber Mill
31:43 Guard Tower
31:44 Guard Tower
32:19 Scout Tower
32:29 Scout Tower
32:47 Guard Tower
33:01 Guard Tower
33:15 Scout Tower
33:16 Scout Tower
33:30 Scout Tower
33:32 Scout Tower
33:32 Scout Tower
33:59 Guard Tower
33:59 Guard Tower
34:36 Guard Tower
35:24 Town Hall
35:51 Guard Tower
35:58 Farm
35:59 Farm
36:10 Scout Tower
36:56 Guard Tower
37:09 Guard Tower
37:13 Scout Tower
37:14 Scout Tower
37:15 Scout Tower
38:15 Scout Tower
38:16 Scout Tower
38:17 Scout Tower
38:18 Scout Tower
38:19 Scout Tower
38:33 Guard Tower
38:35 Scout Tower
38:49 Guard Tower
39:26 Guard Tower
39:29 Scout Tower
39:30 Scout Tower
39:31 Scout Tower
39:31 Scout Tower
39:32 Scout Tower
39:38 Guard Tower
39:39 Guard Tower
39:54 Scout Tower
39:55 Scout Tower
39:56 Scout Tower
39:57 Scout Tower
39:57 Scout Tower
39:58 Scout Tower
40:03 Altar of Kings
40:08 Guard Tower
40:26 Guard Tower
40:31 Guard Tower
40:34 Scout Tower
40:35 Scout Tower
40:37 Scout Tower
40:37 Scout Tower
40:38 Scout Tower
40:39 Scout Tower
40:45 Guard Tower
41:03 Guard Tower
41:05 Guard Tower
41:07 Scout Tower
41:09 Scout Tower
41:10 Scout Tower
41:11 Scout Tower
41:12 Scout Tower
41:12 Scout Tower
41:15 Guard Tower
41:16 Keep
41:23 Farm
41:25 Farm
41:26 Farm
41:26 Farm
41:32 Guard Tower
41:39 Scout Tower
41:40 Scout Tower
41:41 Scout Tower
41:42 Scout Tower
41:43 Scout Tower
41:44 Scout Tower
42:08 Guard Tower
42:08 Guard Tower
42:09 Guard Tower
42:09 Guard Tower
42:11 Guard Tower
42:13 Guard Tower
42:19 Guard Tower
42:28 Guard Tower
42:29 Guard Tower
42:36 Scout Tower
42:37 Scout Tower
42:39 Scout Tower
42:40 Scout Tower
42:41 Scout Tower
42:41 Scout Tower
42:42 Scout Tower
42:45 Guard Tower
42:57 Scout Tower
42:58 Scout Tower
42:59 Scout Tower
43:00 Scout Tower
43:01 Scout Tower
43:01 Scout Tower
43:03 Scout Tower
43:04 Scout Tower
43:07 Guard Tower
43:08 Guard Tower
43:18 Scout Tower
43:19 Scout Tower
43:21 Scout Tower
43:22 Scout Tower
43:23 Scout Tower
43:37 Guard Tower
43:38 Guard Tower
43:38 Guard Tower
43:39 Guard Tower
43:39 Guard Tower
43:42 Guard Tower
43:44 Scout Tower
43:45 Scout Tower
43:46 Scout Tower
43:47 Scout Tower
43:48 Scout Tower
43:48 Scout Tower
43:54 Guard Tower
43:56 Guard Tower
43:57 Guard Tower
43:57 Guard Tower
44:09 Guard Tower
44:24 Scout Tower
44:27 Scout Tower
44:29 Scout Tower
44:42 Guard Tower
44:42 Guard Tower
44:43 Guard Tower
44:44 Guard Tower
44:54 Guard Tower
45:01 Guard Tower
45:29 Castle
45:52 Guard Tower
45:52 Guard Tower
45:55 Scout Tower
45:56 Scout Tower
46:31 Guard Tower
46:36 Guard Tower
46:57 Scout Tower
46:58 Scout Tower
46:59 Scout Tower
47:45 Guard Tower
47:53 Guard Tower
48:35 Guard Tower
48:41 Guard Tower
49:30 Guard Tower
» items
| Scroll of Town Portal | 2 | |
| Potion of Healing | 1 | |
3 total
TonyDaTaco (
orange | 62 APM | 3178 actions | 51:25)
9 Blademaster
3 Wind Walk
3 Critical Strike
1 Bladestorm
2 Mirror Image
» actions
| Assign group hotkey | 12 | |
| Basic commands | 453 | |
| Build / train | 75 | |
| Enter build submenu | 56 | |
| Enter hero's abilities submenu | 9 | |
| Remove unit from queue | 2 | |
| Right click | 1922 | |
| Select / deselect | 479 | |
| Select group hotkey | 70 | |
| Use ability | 100 | |
3178 total
» units
| Peon | 14 | |
| Troll Batrider | 25 | |
| Wind Rider | 7 | |
46 total
» upgrades
| Spiked Barricades | 3 | |
| Armor | 2 | |
| Ranged Weapons | 3 | |
| Liquid Fire | 1 | |
| Reinforced Defenses | 1 | |
| Envenomed Spears | 1 | |
11 total
» buildings
| Altar of Storms | 2 | |
| Orc Burrow | 14 | |
| War Mill | 2 | |
| Watch Tower | 19 | |
| Stronghold | 2 | |
| Voodoo Lounge | 2 | |
| Beastiary | 4 | |
| Fortress | 2 | |
| Great Hall | 4 | |
51 total
» build order
00:11 Altar of Storms
00:15 Orc Burrow
01:01 War Mill
02:05 Orc Burrow
02:20 Watch Tower
02:25 Watch Tower
03:47 Stronghold
03:50 Watch Tower
03:54 Watch Tower
04:02 Orc Burrow
04:15 Voodoo Lounge
04:30 Watch Tower
04:41 Watch Tower
06:09 Watch Tower
06:13 Watch Tower
06:23 Beastiary
07:04 Watch Tower
07:09 Watch Tower
07:22 Fortress
08:20 Watch Tower
08:22 Watch Tower
08:46 Watch Tower
09:29 Watch Tower
09:46 Beastiary
10:31 Watch Tower
11:25 Watch Tower
11:31 Watch Tower
11:39 Orc Burrow
12:37 Watch Tower
12:40 Watch Tower
12:46 Orc Burrow
13:43 Orc Burrow
18:54 Great Hall
32:22 Great Hall
36:54 Great Hall
38:49 Orc Burrow
38:52 Orc Burrow
40:34 Stronghold
41:44 Orc Burrow
41:52 War Mill
43:22 Altar of Storms
44:56 Great Hall
44:58 Fortress
45:06 Beastiary
45:09 Beastiary
46:35 Voodoo Lounge
46:38 Orc Burrow
46:47 Orc Burrow
46:49 Orc Burrow
47:48 Orc Burrow
47:52 Orc Burrow
» items
| Orb of Lightning | 1 | |
| Scroll of Town Portal | 1 | |
2 total
Chat log
(00:48 / All) TonyDaTaco: HEY IT"S YOU GUYS AGAIN
(01:09 / All) Le_Truand: of corse
(01:29 / All) TonyDaTaco: wanna leave now or just lose in 45 min
(01:51 / All) la_brute: hey
(01:59 / All) la_brute: good idea !
(33:19 / All) syph3r: gg
(44:26 / All) la_brute: yopu fuckin looser sit and wait
(44:30 / All) syph3r: gg
(44:41 / All) la_brute: fuck you
(44:45 / All) AvuncularLegume: gg
(44:49 / All) syph3r: :-(
(44:51 / All) la_brute: caliss d'asti d'cave
(44:57 / All) syph3r: you can leave now
(45:11 / All) la_brute: I'll wait just for you
(45:14 / All) syph3r: k
(45:27 / All) la_brute: are you going to attack with your tower asti dcon ?
(45:34 / All) syph3r: are you going to leave
(46:43 / All) la_brute: leave the computer open asti
(46:48 / All) la_brute: good night
(48:50 / All) la_brute: tin tabarnak
(49:01 / All) la_brute: asti dtroudcul
(49:06 / All) syph3r: i thought you were going to sleep
(49:09 / All) la_brute: pdale caliss
(49:15 / All) la_brute: pis vga chier
(49:31 / All) la_brute: té chanceux t,apprend les rudiments du francais assoir criss
(49:53 / All) la_brute: lache pas tu vas l'avoir
(49:57 / All) la_brute: asti dtapette
(50:39 / All) la_brute: lache pas
(50:46 / All) la_brute: y te reste une vile a faire
(50:54 / All) la_brute: moi jlache pas sti !
(50:58 / All) la_brute: gogogo